 Dungeon Crawl Stone Soup version 0.27.1-33-g824d729ab1 (webtiles) character file.

Game seed: 8799780322586586961

168 zeram the Sneak (level 5, -2/30 HPs)
             Began as a Kobold Brigand on Nov 25, 2021.
             Slain by a gnoll (6 damage)
             ... on level 2 of the Dungeon.
             The game lasted 00:05:35 (4646 turns).

zeram the Sneak (Kobold Brigand)                    Turns: 4646, Time: 00:05:36

Health: -2/30      AC:  4    Str:  9    XL:     5   Next: 78%
Magic:  5/5        EV: 15    Int: 13    God:
Gold:   120        SH:  0    Dex: 16    Spells: 1/4 levels left

rFire    . . .     SeeInvis .   g - +3 dagger
rCold    . . .     Faith    .   (shield restricted)
rNeg     . . .     Spirit   .   b - +0 robe
rPois    .         Reflect  .   j - +0 helmet
rElec    .         Harm     .   c - +0 cloak
rCorr    .         Rampage  .   (no gloves)
Will     .....                  (no boots)
Stlth    +++++.....             (no amulet)
HPRegen  0.10/turn              (no ring)
MPRegen  0.09/turn              (no ring)

@: no status effects
A: small, no large weapons, nightstalker 3
a: no special abilities


You were on level 2 of the Dungeon.
You visited 1 branch of the dungeon, and saw 3 of its levels.

You collected 120 gold pieces.

Inventory:

Hand Weapons
 a - a +2 dagger
 g - a +3 dagger (weapon)
Missiles
 d - 6 poisoned darts (quivered)
 e - 2 curare-tipped darts
Armour
 b - a +0 robe (worn)
 c - a +0 cloak (worn)
 j - a +0 helmet (worn)
Wands
 h - a wand of flame (18)
Scrolls
 f - a scroll of immolation
 i - a scroll of magic mapping {unknown}


   Skills:
 - Level 2.1 Fighting
 + Level 4.3 Short Blades
 - Level 2.1 Throwing
 + Level 2.6 Dodging
 + Level 7.8 Stealth


You had one spell level left.
You knew the following spells:

 Your Spells              Type           Power      Damage    Failure   Level
a - Magic Dart            Conj           0%         1d3       30%         1
b - Call Imp              Summ           0%         N/A       43%         2

Your spell library contained the following spells:

 Spells                   Type           Power      Damage    Failure   Level
 Passwall                 Tmut/Erth      0%         N/A       43%         2
 Mephitic Cloud           Conj/Pois/Air  0%         N/A       67%         3
 Swiftness                Air            0%         N/A       67%         3
 Invisibility             Hex            0%         N/A       100%        6


Dungeon Overview and Level Annotations

Branches:
Dungeon (3/15)

Altars:

Annotations:
D:3 1 transporter


Innate Abilities, Weirdness & Mutations

You are small and have problems with some larger weapons.
You are completely attuned to the shadows.


Message History

A kobold comes into view. It is wielding a +0 whip.
You hit the gnoll.
The gnoll is heavily wounded.
The gnoll barely misses you. The gnoll closely misses you.
You hit the gnoll but do no damage.
The gnoll is heavily wounded.
The gnoll hits you with a +0 flail! The gnoll closely misses you.
The gnoll looks more healthy.
The gnoll hits you with a +0 flail!
There is a stone staircase leading up, spattered with blood here.
The gnoll misses you. x2
You climb upwards.
There is a stone staircase leading down here.
You hit the gnoll but do no damage.
The gnoll is heavily wounded.
You hit the gnoll but do no damage.
The gnoll is heavily wounded.
The gnoll hits you but does no damage.
You hit the gnoll.
The gnoll is heavily wounded.
The gnoll misses you.
You hit the gnoll.
The gnoll is severely wounded.
The gnoll completely misses you.
You hit the gnoll but do no damage.
The gnoll is severely wounded.
The gnoll hits you with a +0 flail.
* * * LOW HITPOINT WARNING * * *
You barely miss the gnoll.
The gnoll is severely wounded.
You aren't carrying any potions.
Okay, then.
There is a stone staircase leading up here.
Throw: 7 darts (poison)
Press: ? - help, Q - select action, (/) - cycle Shift-Dir - straight line, f - gnoll
Aim: a gnoll, wielding a +0 flail and wearing a +0 ring mail (severely wounded, 69% to hit)
You throw a poisoned dart. The poisoned dart hits the gnoll.
The gnoll is poisoned.
The gnoll is severely wounded.
The gnoll hits you with a +0 flail.
You die...

(...........#...........# #.#
....(.......#.......##### #.#
####........#...........# #.#
....##.#######..........####.#
.......# ##.............#.#
.......######...........##.#.####
........†...............##.#.....
...........................######
..#.............@..#########
..#....######..g..........#
..#....## #.)...........#
..#.....# #...........#.#
..#.....# #...........#.#
..#.....#####[##........#.#
..............#######...#.# #
..##....#......######...#.# #
#................)..#...#.# #


You could see a gnoll (poisoned).

Vanquished Creatures
  Jessica (D:2)
  Robin (D:2)
  2 adders (D:2)
  A gnoll (D:3)
  2 worms (D:2)
  5 dart slugs
  An orc (D:2)
  7 ball pythons
  6 bats
  10 endoplasms
  10 goblins
  9 hobgoblins
  9 jackals (D:1)
  3 kobolds (D:1)
  3 quokkas
  3 frilled lizards (D:1)
  4 rats
  A spectral goblin (D:1)
78 creatures vanquished.

Notes
Turn   | Place    | Note
-------+----------+-------------------------------------------
     0 | D:1      | zeram the Kobold Brigand began the quest for the Orb.
     0 | D:1      | Reached XP level 1. HP: 12/12 MP: 1/1
   295 | D:1      | Reached XP level 2. HP: 6/17 MP: 2/2
   726 | D:1      | Reached skill level 6 in Stealth
   958 | D:1      | Reached XP level 3. HP: 21/21 MP: 3/3
  1261 | D:1      | Found a faded altar of an unknown god.
  1685 | D:1      | Learned a level 1 spell: Magic Dart
  1738 | D:1      | Reached XP level 4. HP: 17/26 MP: 4/4
  1851 | D:1      | Learned a level 2 spell: Call Imp
  2209 | D:2      | Reached skill level 7 in Stealth
  2873 | D:2      | Noticed Jessica
  2877 | D:2      | Killed Jessica
  2878 | D:2      | Reached XP level 5. HP: 30/30 MP: 5/5
  3155 | D:2      | Noticed Robin
  3671 | D:2      | Killed Robin
  4234 | D:3      | Found a transporter.
  4646 | D:2      | Slain by a gnoll

Illustrated notes

Levels and vault maps discovered:
D:1:      nzn_arrival_crosshair, layout_basic,
          dreamdust_ecumenical_altar_drowned_temple
D:2:      layout_basic, uniq_jessica, uniq_robin
D:3:      layout_rooms, gammafunk_ghost_smash, kennysheep_generic_room_5

Skill      XL: |  1  2  3  4 |
---------------+-------------+-----
Stealth        | 6 7 |  7.8
Short Blades   | 3 4 |  4.3
Dodging        | 2 |  2.6
Fighting       | |  2.1
Throwing       | |  2.1

Action                   |  1- 3 |  4- 6 || total
-------------------------+-------+-------++-------
Melee: Dagger            |   116 |   148 ||   264
Throw: Dart              |       |     2 ||     2
  Use: Scroll            |     3 |     2 ||     5
       Potion            |       |     1 ||     1
 Stab: Sleeping          |    14 |    16 ||    30
Armor: Robe              |    28 |    25 ||    53
Dodge: Dodged            |    51 |   113 ||   164
